 Dungeon Crawl Stone Soup version 0.21.1-1-g345015f (webtiles) character file.

289 Mgcat the Skirmisher (level 6, -5/44 HPs)
             Began as a Formicid Chaos Knight on Mar 7, 2018.
             Slain by Pikel
             ... wielding a +2 whip of electrocution
              (18 damage)
             ... on level 3 of the Dungeon.
             The game lasted 00:08:24 (2532 turns).

Mgcat the Skirmisher (Formicid Chaos Knight)        Turns: 2532, Time: 00:08:24

Health: -5/44      AC: 12    Str: 19    XL:     6   Next: 57%
Magic:  6/6        EV: 13    Int:  9    God:    Xom [.....*]
Gold:   280        SH:  0    Dex: 15    Spells: 5/5 levels left

rFire    . . .     SeeInvis +   t - +0 war axe
rCold    . . .     Gourm    .   d - +0 large shield
rNeg     . . .     Faith    .   f - +3 ring mail {rPois}
rPois    +         Spirit   .   (helmet unavailable)
rElec    .         Reflect  .   (no cloak)
rCorr    .         Harm     .   o - +2 pair of gloves
MR       .....                  n - +0 pair of boots
Stlth    +.........             (no amulet)
HPRegen  0.14/turn              (no ring)
MPRegen  0.10/turn              (no ring)

@: confused, agile, drained
A: permanent stasis, dig shafts and tunnels, four strong arms, antennae 3, dopey
1, frail 1
a: Dig, Shaft Self, Renounce Religion


You were on level 3 of the Dungeon.
You worshipped Xom.
You were Xom's teddy bear.
You were not hungry.

You visited 1 branch of the dungeon, and saw 4 of its levels.

You collected 280 gold pieces.

Inventory:

Hand Weapons
 t - a +0 war axe (weapon)
   (You took it off a goblin on level 3 of the Dungeon)
Armour
 d - a +0 large shield (worn)
   (You found it on level 1 of the Dungeon)
 f - a +3 ring mail of poison resistance (worn)
   (You found it on level 2 of the Dungeon)
 n - a +0 pair of boots (worn)
   (You found it on level 2 of the Dungeon)
 o - a +2 pair of gloves (worn)
   (You found it on level 2 of the Dungeon)
Scrolls
 a - a scroll of fear {unknown}
 b - a scroll of blinking {unknown}
 h - a scroll of fog {unknown}
 i - a scroll of remove curse {unknown}
 j - a scroll of enchant weapon {unknown}
 l - a scroll of random uselessness {unknown}
Potions
 g - 2 potions of brilliance
 p - a potion of haste {unknown}
 q - a potion of cancellation {unknown}
 r - a potion of magic {unknown}
 u - 2 potions of ambrosia
Comestibles
 c - 12 rations
 m - 3 chunks of flesh {@w0}


   Skills:
 + Level 4.6(4.3) Fighting
 + Level 4.2(4.0) Axes
 - Level 3.0(2.8) Armour
 + Level 2.7(2.4) Dodging
 - Level 3.0(2.8) Shields


You had 5 spell levels left.
You didn't know any spells.

Dungeon Overview and Level Annotations

Branches:
Dungeon (4/15)
 Temple: D:4-7

Altars:

Annotations:
D:3 Pikel


Innate Abilities, Weirdness & Mutations

You cannot be hasted, slowed, berserked, paralysed or teleported.
You can dig through walls and to a lower floor.
Your four strong arms can wield two-handed weapons with a shield.
You have a pair of large antennae on your head. (SInv)
You are dopey. (Int -2)
You are frail. (-10% HP)


Message History

The slave hits you.
You closely miss the slave.
The slave is severely wounded.
You hit the orc but do no damage. You block the orc's attack.
The slave hits you!
You are too injured to fight recklessly!
You are too injured to fight recklessly!
You are too injured to fight recklessly!
You are too injured to fight recklessly!
You miss the slave.
The slave is severely wounded.
You slash the orc!
You kill the orc!
The slave hits you but does no damage.
Your shield and ring mail prevent you from hitting the slave.
The slave is severely wounded.
You block the slave's attack. x2
You completely miss the slave.
The slave is severely wounded.
The slave hits you.
You miss the slave.
The slave is severely wounded.
The slave hits you. x2
You slash the slave!
You kill the slave!
That felt strangely unrewarding.
Things that are here:
an animal skin; a human corpse You start resting.
Some of the chunks of flesh in your inventory have rotted away.
HP restored.
There is a stone staircase leading down, spattered with blood here.
You climb downwards.
Level annotation: Pikel The orc hits you but does no damage.
Pikel hits you but does no damage. The orc hits you but does no damage.
There is a stone staircase leading up here.
You closely miss Pikel. You hit the orc but do no damage.
Pikel hits you but does no damage.
You block the orc's attack. "Fight to survive, mortal."
The orc priest's morningstar dances into the air!
You are now Xom's teddy bear.
Pikel zaps a wand.
You resist with some effort.
It is a wand of paralysis (5).
You block the orc's attack.
The orc priest hits your morningstar but does no damage.
The slave hits you but does no damage.
You climb upwards.
There is a stone staircase leading down, spattered with blood here.
You hit Pikel but do no damage. You hit the orc. You slash the slave!
Pikel zaps a wand.
You resist with some effort. The orc hits you. You block the slave's attack.
Pikel zaps a wand.
You resist with some effort. The orc misses you.
You hit Pikel but do no damage. You barely miss the orc.
You closely miss the slave. You block the slave's attack.
Pikel hits you with a whip of electrocution.
The orc hits you but does no damage. The slave hits you but does no damage.
Your shield prevents you from hitting Pikel.
You closely miss the slave. You barely miss the orc.
Pikel hits you with a whip of electrocution.
The orc misses you. The slave hits you but does no damage.
Pikel hits you but does no damage.
You are electrocuted!
* * * LOW HITPOINT WARNING * * *
The orc hits you but does no damage.
You barely miss Pikel. You hit the orc.
You kill the orc!
You barely miss the slave. You block the slave's attack.
Pikel hits you but does no damage. The slave hits you but does no damage.
Unknown command.
You feel agile all of a sudden.
Pikel hits you with a whip of electrocution.
* * * LOW HITPOINT WARNING * * *
The slave hits you.
* * * LOW HITPOINT WARNING * * *
Okay, then.
Okay, then.
Unknown command.
It was a potion of ambrosia.
You are confused.
You feel invigorated. Pikel barely misses you. The slave barely misses you.
You miss Pikel. You closely miss the slave. Pikel closely misses you.
The slave hits you but does no damage. Pikel barely misses you.
Unknown command.
Unknown command.
Pikel hits you with a whip of electrocution.
You are electrocuted!
* * * LOW HITPOINT WARNING * * *
Items here: [[ †† a leather armour; an animal skin; an orc corpse; a human corpse Unknown command.
Unknown command.
Unknown command.
You bump into the rock wall.
The slave completely misses you. Pikel barely misses you.
Unknown command.
Unknown command.
Unknown command.
You miss Pikel. You miss the slave. The slave hits you but does no damage.
Pikel hits you but does no damage.
You are electrocuted!
You die...
Xom bursts into laughter!

######### #.....K@#
#.#####p# #######
#.#...#.### #......
#...#.....########.#####
#.#........#..........##
#.##....>....##.##.#....
#............[..##.#.###
#.##.........#####...# #
#.##.#.....#.......#.###


You could see Pikel and a slave.

Vanquished Creatures
  2 slaves (D:3)
  An orc wizard (D:3)
  Jessica (D:3)
  Natasha (thrice) (D:3)
  A gnoll (D:3)
  4 adders
  2 oozes (D:2)
  6 worms
  A dart slug (D:1)
  3 leopard geckos
  7 orcs
  3 giant cockroaches
  14 goblins
  12 hobgoblins
  2 jackals (D:3)
  5 kobolds
  8 bats
  2 frilled lizards (D:2)
  6 rats
83 creatures vanquished.

Vanquished Creatures (collateral kills)
  A slave (D:3)
1 creature vanquished.

Grand Total: 84 creatures vanquished

Notes
Turn   | Place    | Note
-------+----------+-------------------------------------------
     0 | D:1      | Mgcat the Formicid Chaos Knight began the quest for the Orb.
     0 | D:1      | Reached XP level 1. HP: 18/18 MP: 1/1
    56 | D:1      | Reached skill level 1 in Dodging
   151 | D:1      | Reached XP level 2. HP: 20/24 MP: 2/2
   511 | D:1      | Reached skill level 1 in Shields
   511 | D:1      | Reached XP level 3. HP: 19/29 MP: 3/3
   554 | D:1      | XOM: harmless Ice miscast
   581 | D:1      | XOM: divination: detect items
  1009 | D:2      | XOM: silly message
  1033 | D:2      | Reached XP level 4. HP: 20/37 MP: 4/4
  1311 | D:2      | XOM: harmless Air miscast
  1322 | D:2      | Reached skill level 3 in Armour
  1330 | D:2      | XOM: give mutations
  1330 | D:2      | Gained mutation: You are frail. (-10% HP) [Xom's mischief]
  1330 | D:2      | Gained mutation: You are dopey. (Int -2) [Xom's mischief]
  1435 | D:2      | Reached XP level 5. HP: 31/37 MP: 5/5
  1684 | D:3      | Reached skill level 4 in Fighting
  1729 | D:3      | Reached skill level 2 in Shields
  1760 | D:3      | Reached skill level 2 in Dodging
  1775 | D:3      | XOM: draining
  1996 | D:3      | Noticed Jessica
  2007 | D:3      | Killed Jessica
  2162 | D:3      | Noticed Sigmund
  2171 | D:3      | Noticed Sigmund
  2171 | D:3      | Sigmund changed into Sigmund the gnoll
  2171 | D:3      | XOM: polymorph Sigmund -> Sigmund the gnoll
  2172 | D:3      | Killed Sigmund the gnoll
  2172 | D:3      | Reached XP level 6. HP: 37/43 MP: 6/6
  2197 | D:3      | XOM: god gift: 54 gold pieces
  2248 | D:3      | Reached skill level 4 in Axes
  2258 | D:3      | Noticed Natasha
  2267 | D:3      | Killed Natasha
  2320 | D:3      | Noticed Natasha
  2322 | D:3      | XOM: potion effect (might)
  2327 | D:3      | Killed Natasha
  2327 | D:3      | Reached skill level 3 in Shields
  2352 | D:3      | Noticed Natasha
  2361 | D:3      | Killed Natasha
  2372 | D:4      | Noticed a slave
  2372 | D:4      | Noticed a slave
  2374 | D:4      | Noticed Pikel
  2374 | D:4      | Noticed a slave
  2389 | D:3      | XOM: summons friendly white imp
  2390 | D:3      | Killed a slave
  2393 | D:3      | Killed a slave
  2410 | D:4      | Noticed a slave
  2420 | D:3      | Killed a slave
  2525 | D:3      | HP: 10/44 [Pikel/whip of electrocution (20)]
  2530 | D:3      | HP: 6/44 [Pikel/whip of electrocution (15)]
  2532 | D:3      | Slain by Pikel

Skill      XL: |  1  2  3  4  5  6 |
---------------+-------------------+-----
Dodging        | 1 2 |  2.7
Shields        | 1 2 3 |  3.0
Armour         | 3 |  3.0
Fighting       | 4 |  4.6
Axes           | 4 |  4.2

Action                   |  1- 3 |  4- 6 || total
-------------------------+-------+-------++-------
Melee: Hand axe          |   129 |    91 ||   220
       War axe           |       |   103 ||   103
  Use: Scroll            |       |     3 ||     3
       Potion            |       |     3 ||     3
 Stab: Confused          |     2 |       ||     2
       Paralysed         |       |     2 ||     2
  Eat: Chunk             |     1 |     5 ||     6
Armor: Leather armour    |    41 |       ||    41
       Ring mail         |    20 |    66 ||    86
Dodge: Dodged            |    38 |    40 ||    78
Block: Large shield      |    84 |   121 ||   205

Vault maps used:
D:1:      minmay_arrival_loop
D:2:      first_ration
D:3:      patterned_corridor, uniq_jessica, uniq_sigmund, uniq_natasha
D:4:      nicolae_tso_carved_into_rock, serial_shops, shop, kennysheep_donut,
          uniq_pikel

Table legend:
 A = Turns spent in this place as a percentage of turns spent in the entire game.
 B = Non-inter-level travel turns spent in this place as a percentage of non-inter-level travel turns spent in the entire game.
 C = Inter-level travel turns spent in this place as a percentage of turns spent in this place.
 D = Turns resting spent in this place as a percentage of non-inter-level travel turns spent in this place.
 E = Turns spent auto-exploring this place as a percentage of non-inter-level travel turns spent in this place.
 F = Non-inter-level travel turns spent in this place divided by the number of levels of this place that you've seen.
                   A       B       C       D       E      F
               +-------+-------+-------+-------+-------+----------------------
         Total | 100.0 | 100.0 |   2.3 |   3.8 |  65.9 | 618.8
       Dungeon | 100.0 | 100.0 |   2.3 |   3.8 |  65.9 | 618.8
               +-------+-------+-------+-------+-------+----------------------

Table legend:
 A = Kills in this place as a percentage of kills in entire the game.
 B = Kills by you in this place as a percentage of kills by you in the entire game.
 C = Kills by friends in this place as a percentage of kills by friends in the entire game.
 D = Other kills in this place as a percentage of other kills in the entire game.
 E = Experience gained in this place as a percentage of experience gained in the entire game.
 F = Experience gained in this place divided by the number of levels of this place that you have seen.
                   A       B       C       D       E      F
               +-------+-------+-------+-------+-------+----------------------
         Total | 100.0 | 100.0 |   N/A |   N/A | 100.0 | 103.2
       Dungeon | 100.0 | 100.0 |   N/A |   N/A | 100.0 | 103.2
               +-------+-------+-------+-------+-------+----------------------
